 Dungeon Crawl Stone Soup version 0.26.1-2-gb8aa6d0cf2 (webtiles) character file.

Game seed: 14222158621152092011

20657 sizableburger the Carver (level 12, -7/72 HPs)
             Began as a Deep Elf Berserker on Mar 17, 2021.
             Was a High Priest of Trog.
             Mangled by a death yak (16 damage)
             ... on level 3 of the Lair of Beasts.
             The game lasted 00:55:01 (20818 turns).

sizableburger the Carver (Deep Elf Berserker)      Turns: 20818, Time: 00:55:01

Health: -7/72      AC: 13    Str: 20    XL:     12   Next: 47%
Magic:  14/14      EV: 13    Int: 14    God:    Trog [*****.]
Gold:   767        SH:  5    Dex: 16    Spells: 11/11 levels left

rFire    + . .     SeeInvis .   H - +2 scimitar (flame)
rCold    . . .     Faith    .   (no shield)
rNeg     . . .     Spirit   .   n - +0 scale mail
rPois    .         Reflect  +   (no helmet)
rElec    .         Harm     .   (no cloak)
rCorr    .         Rampage  +   s - +1 pair of gloves
Will     +....                  c - +2 pair of boots {rampage}
Stlth    +.........             J - amulet of reflection
HPRegen  0.22/turn              d - +4 ring of slaying
MPRegen  0.14/turn              w - ring of protection from fire

@: berserk cooldown, slowed, very slow
A: thin skeletal structure 1, strong 1, wild magic 1
a: Renounce Religion, Berserk, Trog's Hand, Brothers in Arms


You were on level 3 of the Lair of Beasts.
You worshipped Trog.
Trog was extremely pleased with you.
You visited 2 branches of the dungeon, and saw 13 of its levels.

You collected 767 gold pieces.

Inventory:

Hand Weapons
 u - a +0 shortbow
 H - a +2 scimitar of flaming (weapon)
Missiles
 j - 225 arrows
 k - 5 throwing nets (quivered)
Armour
 c - a +2 pair of boots of rampaging (worn)
 n - a +0 scale mail (worn)
 p - a +0 buckler
 s - a +1 pair of gloves (worn)
 y - the +0 plate armour of Uplur {Will+ MP+9}
   (You found it on level 6 of the Dungeon)

   It affects your willpower, your defense against some magical effects.
   It affects your magic capacity (+9).
Jewellery
 d - a +4 ring of slaying (left hand)
 r - an uncursed ring of resist corrosion
 w - a ring of protection from fire (right hand)
 A - an uncursed amulet of the acrobat
 F - an uncursed ring of flight
 G - an uncursed ring of positive energy
 J - an amulet of reflection (around neck)
Wands
 a - a wand of digging (10)
 v - a wand of random effects (10)
 B - a wand of acid (6)
 E - a wand of enslavement (16)
Scrolls
 b - a scroll of fear
 f - 3 scrolls of fog
 h - 9 scrolls of remove curse
 l - 5 scrolls of teleportation
 I - a scroll of identify
Potions
 e - 8 potions of curing
 g - a potion of cancellation {unknown}
 m - 2 potions of resistance
 o - 2 potions of magic
 q - a potion of brilliance {unknown}
 t - 2 potions of attraction {unknown}
 x - 4 potions of lignification
 C - a potion of degeneration {unknown}
 D - a potion of heal wounds {unknown}
Miscellaneous
 z - a condenser vane


   Skills:
 + Level 7.6 Fighting
 + Level 11.1 Long Blades
 - Level 9.5 Bows
 + Level 7.7 Armour
 - Level 5.4 Dodging
 - Level 3.0 Shields
 + Level 8.8 Evocations


You had 11 spell levels left.
You didn't know any spells.
Your spell library was empty.

Dungeon Overview and Level Annotations

Branches:
Dungeon (10/15)            Temple (0/1) D:7            Lair (3/6) D:10
  Swamp: Lair:2-4    Shoals: Lair:2-4     Snake: Lair:2-4    Spider: Lair:2-4
    Orc: D:9-12

Altars:
Cheibriados
Sif Muna

Shops:
D:5 *

Annotations:
Lair:2 1 transporter, nonceun's ghost, journeyman MiBe


Innate Abilities, Weirdness & Mutations

You have a somewhat thin skeletal structure. (Dex +2, Stealth)
Your muscles are strong. (Str +2)
Your spells are a little harder to cast, but a little more powerful.


Message History

The death yak gores you.
* * * LOW HITPOINT WARNING * * *
You slash the death yak! You burn the death yak.
The death yak is almost dead.
You slash the death yak! You burn the death yak.
You kill the death yak!
Trog accepts your kill. The death yak gores you!
* * * LOW HITPOINT WARNING * * *
Unknown command.
You are too berserk!
You feel a strong urge to attack something.
You are no longer berserk.
You are exhausted.
You feel yourself slow down.
As you read the scroll of fear, it crumbles to dust.
You assume a fearsome visage.
The death yak resists with almost no effort.
The death yak gores you!
You die...

.................................
...........................'P...#
#.#.####...#P..##..#....P.#.#####
...#####...####...#.#...''.....##
............#............#P....##
......##....#<......##..#......##
......##............#...++.<...##
......##...#........#...#......+.
......##...##..Y@...#..........#.
.#######...##.#####.#....####.#.#
..### .....#(#.####.##..#...#.###
.................................
..........(......................
..... ..(.......................
..... .(........................
..... ................รท.#P###..#
..... .............#### ####


You could see a death yak.

Vanquished Creatures
  Harold (D:8)
  2 hydras (Lair:3)
  2 boulder beetles
  Erica (D:10)
  2 two-headed ogres (D:9)
  2 death yaks (Lair:3)
  Pikel (D:5)
  The ghost of dickylongcocking the Covert, a novice OpWn of Hepliaklqana (D:6)
  A black mamba (Lair:2)
  A gargoyle (D:6)
  Psyche (D:9)
  4 cane toads
  2 rime drakes (Lair:3)
  2 komodo dragons
  Grinder (D:6)
  8 blink frogs (Lair:3)
  15 yaks
  3 wargs
  5 water moccasins
  2 orc warriors
  2 sky beasts
  An eye of draining (D:9)
  6 wolves (Lair:3)
  An ice beast (D:6)
  A necrophage (D:7)
  8 ogres
  7 centaurs
  2 lemures (D:5)
  Blork the orc (D:6)
  12 bullfrogs
  A gnoll sergeant (D:10)
  A wyvern skeleton (D:8)
  3 scorpions
  8 wights
  4 howler monkeys
  A bullfrog zombie (D:7)
  A centaur zombie (D:10)
  2 jellies
  13 orc priests
  7 hounds
  A bullfrog skeleton (D:6)
  2 centaur skeletons
  8 iguanas
  7 worker ants
  8 orc wizards
  A hound zombie (D:5)
  A hound skeleton (D:7)
  2 worker ant zombies
  3 gnolls (D:10)
  12 adders
  2 shadow imps
  6 white imps
  An ufetubus (D:5)
  An ooze (D:2)
  An adder zombie (D:6)
  6 worms
  A dart slug (D:1)
  5 leopard geckos
  51 orcs
  4 ball pythons
  10 bats
  9 giant cockroaches
  9 goblins
  7 hobgoblins
  4 jackals (D:3)
  9 kobolds
  7 quokkas
  3 frilled lizards
  2 giant cockroach zombies
  2 leopard gecko zombies
  5 rats
329 creatures vanquished.

Vanquished Creatures (others)
  7 fungi (Lair:3)
  6 plants
13 creatures vanquished.

Grand Total: 342 creatures vanquished

Notes
Turn   | Place    | Note
-------+----------+-------------------------------------------
     0 | D:1      | sizableburger the Deep Elf Berserker began the quest for
                  | the Orb.
     0 | D:1      | Reached XP level 1. HP: 13/13 MP: 3/3
   302 | D:1      | Reached XP level 2. HP: 12/18 MP: 4/4
   706 | D:1      | Reached skill level 3 in Long Blades
  1381 | D:2      | Reached XP level 3. HP: 22/22 MP: 5/5
  2211 | D:2      | Reached ** piety under Trog
  2843 | D:2      | Reached XP level 4. HP: 28/28 MP: 6/6
  3789 | D:4      | Noticed an ogre
  3790 | D:4      | Found a snail-covered altar of Cheibriados.
  3801 | D:4      | Reached skill level 4 in Long Blades
  3801 | D:4      | Reached XP level 5. HP: 22/32 MP: 7/7
  4532 | D:4      | Reached skill level 5 in Long Blades
  4532 | D:4      | Reached XP level 6. HP: 35/37 MP: 8/8
  4535 | D:4      | Reached *** piety under Trog
  5585 | D:4      | Reached skill level 6 in Long Blades
  5585 | D:4      | Reached XP level 7. HP: 41/41 MP: 9/9
  5629 | D:5      | Entered Level 5 of the Dungeon
  6354 | D:5      | Noticed Pikel
  6364 | D:5      | Killed Pikel
  6365 | D:5      | Reached XP level 8. HP: 48/48 MP: 10/10
  6566 | D:5      | Reached **** piety under Trog
  6833 | D:5      | Found Moampeng's Elemental Accessories.
  7009 | D:6      | Reached skill level 7 in Long Blades
  7138 | D:6      | Noticed Grinder
  7150 | D:6      | Killed Grinder
  7151 | D:6      | Reached skill level 5 in Bows
  7560 | D:6      | Reached skill level 1 in Evocations
  7751 | D:6      | Found a runed translucent door.
  7752 | D:6      | Noticed dickylongcocking's ghost (novice OpWn)
  7954 | D:5      | Gained mutation: Your magical capacity is low. (-10% MP)
                  | [potion of mutation]
  7954 | D:5      | Gained mutation: You occasionally shout uncontrollably at
                  | your foes. [potion of mutation]
  7954 | D:5      | Gained mutation: Your spells are a little harder to cast,
                  | but a little more powerful. [potion of mutation]
  8307 | D:6      | Reached XP level 9. HP: 51/52 MP: 10/10
  8419 | D:6      | Noticed Blork the orc
  8648 | D:6      | Got a distressingly furry plate armour
  8659 | D:6      | Identified the +0 plate armour of Uplur {Will+ MP+9} (You
                  | found it on level 6 of the Dungeon)
  8853 | D:6      | Noticed a gargoyle
  8945 | D:6      | Reached skill level 5 in Armour
  8963 | D:6      | Killed Blork the orc
  9026 | D:6      | Killed a gargoyle
  9027 | D:6      | Reached skill level 8 in Long Blades
  9262 | D:6      | Killed dickylongcocking's ghost
  9606 | D:7      | Found a staircase to the Ecumenical Temple.
  9994 | D:7      | Reached ***** piety under Trog
 10267 | D:7      | Reached XP level 10. HP: 49/57 MP: 11/11
 10894 | D:8      | Received a gift from Trog
 11072 | D:8      | Reached skill level 9 in Long Blades
 11451 | D:8      | Noticed Harold
 11473 | D:8      | Killed Harold
 11474 | D:8      | Reached skill level 5 in Dodging
 12012 | D:8      | Found a shimmering blue altar of Sif Muna.
 13014 | D:9      | Noticed a two-headed ogre
 13031 | D:9      | Killed a two-headed ogre
 13032 | D:9      | Reached skill level 5 in Fighting
 13154 | D:9      | Reached skill level 5 in Evocations
 13261 | D:9      | Noticed Psyche
 13273 | D:9      | Killed Psyche
 14356 | D:9      | Noticed a two-headed ogre
 14369 | D:9      | Killed a two-headed ogre
 14370 | D:9      | Reached XP level 11. HP: 61/64 MP: 11/11
 14833 | D:10     | Entered Level 10 of the Dungeon
 14841 | D:10     | Lost mutation: You occasionally shout uncontrollably at
                  | your foes. [potion of mutation]
 14841 | D:10     | Lost mutation: Your magical capacity is low. (-10% MP)
                  | [potion of mutation]
 14841 | D:10     | Gained mutation: You have a somewhat thin skeletal
                  | structure. (Dex +2, Stealth) [potion of mutation]
 14841 | D:10     | Gained mutation: Your muscles are strong. (Str +2) [potion
                  | of mutation]
 15028 | D:10     | Noticed Erica
 15314 | D:10     | Found a transporter.
 15314 | D:10     | Found a transporter.
 15314 | D:10     | Noticed a boulder beetle
 15526 | D:10     | Killed a boulder beetle
 16358 | D:10     | Found a staircase to the Lair.
 16527 | D:10     | Reached skill level 10 in Long Blades
 16690 | D:10     | Killed Erica
 16691 | D:10     | Reached skill level 1 in Shields
 17222 | Lair:1   | Entered Level 1 of the Lair of Beasts
 18312 | Lair:2   | Found a transporter.
 18315 | Lair:2   | Noticed a five-headed hydra
 18317 | Lair:2   | Noticed nonceun's ghost (journeyman MiBe)
 18416 | Lair:2   | You fall into a shaft and drop 1 floor!
 19342 | Lair:3   | Reached XP level 12. HP: 66/71 MP: 14/14
 19951 | Lair:3   | Noticed a six-headed hydra
 19963 | Lair:3   | Killed a four-headed hydra
 20011 | Lair:3   | Noticed a seven-headed hydra
 20022 | Lair:3   | Killed a four-headed hydra
 20371 | Lair:3   | Noticed a boulder beetle
 20446 | Lair:3   | Killed a boulder beetle
 20447 | Lair:3   | Reached skill level 11 in Long Blades
 20739 | Lair:3   | Noticed a death yak
 20747 | Lair:3   | Noticed a death yak
 20748 | Lair:3   | Noticed a death yak
 20753 | Lair:3   | Killed a death yak
 20814 | Lair:3   | Killed a death yak
 20818 | Lair:3   | Mangled by a death yak

Illustrated notes

Levels and vault maps discovered:
D:1:      amcnicky_arrival_flooded_fountain, layout_loops_ring
D:2:      layout_loops_ring
D:3:      layout_rooms, hex_medium
D:4:      layout_basic, cheibriados_altar_1
D:5:      layout_cave_pools, hangedman_decor_opposing, nicolae_elemental_shop,
          uniq_pikel
D:6:      kennysheep_windowed_halls, layout_basic, gammafunk_ghost_grave,
          uniq_blork_the_orc, uniq_grinder
D:7:      layout_loops_corners, temple_pool_b
D:8:      layout_loops_ring, kennysheep_mini, uniq_harold
D:9:      layout_layer_cave, enter_bailey_5, chequers_serial_rivers_micro_b,
          uniq_psyche
D:10:     gammafunk_boulding_lane, layout_grid_maze, erik_lair_orcish_takeover,
          kennysheep_generic_room_2, uniq_erica
Lair:1:   layout_regular_city, serial_forest, infiniplex_forest_lined_3_way,
          infiniplex_forest_lined_ring, infiniplex_forest_straight_3,
          infiniplex_forest_lined_4_way, infiniplex_forest_straight_2,
          infiniplex_forest_straight_3, infiniplex_forest_straight_2,
          infiniplex_forest_end_3
Lair:2:   layout_hall_layers, swamp_mist, gammafunk_ghost_berserking_beasts,
          infiniplex_staircase_pool_2, lemuel_fruit_fields, serial_bayou_shore_b
Lair:3:   layout_regular_city, dummy_snake_entry, chequers_serial_rivers_micro_b

Skill      XL: |  1  2  3  4  5  6  7  8  9 10 11 12 |
---------------+-------------------------------------+-----
Long Blades    | 3 4 5 6 7 8 9 10 11 | 11.1
Dodging        | 3 4 5 |  5.4
Fighting       | 3 4 5 6 7 |  7.6
Armour         | 2 3 4 6 7 |  7.7
Bows           | 3 5 7 9 |  9.5
Evocations     | 2 3 5 7 8 |  8.8
Shields        | 3 |  3.0

Action                   |  1- 3 |  4- 6 |  7- 9 | 10-12 || total
-------------------------+-------+-------+-------+-------++-------
Melee: Falchion          |   102 |   124 |    95 |       ||   321
       Scimitar          |       |       |   136 |   390 ||   526
 Fire: Shortbow          |       |       |    42 |   218 ||   260
Throw: Throwing net      |       |       |       |     2 ||     2
Invok: Berserk           |     8 |     9 |    22 |    30 ||    69
       Trog's Hand       |       |       |     1 |       ||     1
       Brothers in Arms  |       |       |       |     1 ||     1
Evoke: Wand              |       |       |     3 |     4 ||     7
  Use: Scroll            |     4 |     2 |     4 |     9 ||    19
       Potion            |       |       |     3 |     5 ||     8
 Stab: Sleeping          |     1 |       |     2 |     1 ||     4
       Confused          |       |       |     1 |       ||     1
Armor: Animal skin       |    21 |       |       |       ||    21
       Leather armour    |     1 |    37 |    21 |       ||    59
       Ring mail         |       |       |    36 |       ||    36
       Scale mail        |       |       |       |    94 ||    94
Dodge: Dodged            |    74 |    92 |   140 |   173 ||   479
Block: Other             |       |       |       |    17 ||    17
       Rpst.: Falchion   |    25 |    28 |    21 |       ||    74
       Scimitar          |       |       |    25 |    42 ||    67
